 Dungeon Crawl Stone Soup version 0.18-a0-1347-gb9e2fb4 (webtiles) character file.

61219 M4edhros the Spry (level 15, -4/154 HPs)
             Began as an Octopode Monk on Feb 17, 2016.
             Was the Champion of Dithmenos.
             Slain by an ice devil (6 damage)
             ... on level 8 of the Lair of Beasts.
             The game lasted 01:36:13 (15684 turns).

M4edhros the Spry (Octopode Monk)                  Turns: 15684, Time: 01:36:14

Health: -4/154     AC: 27    Str: 13    XL:     15   Next: 2%
Magic:  31/31      EV:  2    Int: 13    God:    Dithmenos [******]
Gold:   1278       SH: 15    Dex: 22    Spells: 0 memorised, 14 levels left

rFire  . . .     SeeInvis .       - Unarmed
rCold  . . .     Gourm    .     q - +4 shield {reflect}
rNeg   + + +     Faith    .     (helmet currently unavailable)
rPois  +         Spirit   .     Q - amulet of Yredelemnul's Fury {Harm *Drain MR+++ Str-4 Slay+4}
rElec  +         Dismiss  .     o - +5 ring of evasion
rCorr  .         Reflect  +     A - ring of poison resistance
SustAt .         Harm     +     J - +6 ring of strength
MR     +++++     NoTele   +     P - ring "Kyogo" {rElec MR+ MP+9}
Stlth  ++++++++++               (no ring)
                                (no ring)
                                (no ring)
                                (no ring)

@: lethally poisoned (-4 -> -9), tree-form, hasted, wreathed by umbra, very
quick, almost entirely resistant to hostile enchantments, uncannily stealthy
A: almost no armour, amphibious, 8 rings, (constrict 8), (molten scales 0),
(yellow scales 0), (camouflage 0), agile 1, blurry vision 2, (fire resistance
0), magic resistance 1, screaming 1, (gelatinous body 0), subdued magic 1,
MP-powered wands
a: Shadow Step, Shadow Form, Renounce Religion


You were on level 8 of the Lair of Beasts.
You worshipped Dithmenos.
Dithmenos was exalted by your worship.
You were very hungry.
You were a tree.
You visited 3 branches of the dungeon, and saw 22 of its levels.
You also visited: Labyrinth, Sewer and Ice Cave.

You collected 1278 gold pieces.

Inventory:

Missiles
 x - 3 throwing nets
 C - 279 stones (quivered)
Armour
 q - a +4 shield of reflection (worn)
 F - a +0 hat (melded)
Magical Staves
 m - an uncursed staff of death
Rods
 a - a +2 rod of inaccuracy (2/13)
   (You found it in a sewer)
 U - a +5 rod of ignition (12/12)
   (You found it in a labyrinth)
Jewellery
 d - an uncursed ring of ice
 g - a cursed amulet of inaccuracy {unknown}
 o - a +5 ring of evasion (left branch)
 A - a ring of poison resistance (right branch)
 J - a +6 ring of strength (on tentacle)
 P - the ring "Kyogo" (on tentacle) {rElec MR+ MP+9}
   (You took it off a minotaur in a labyrinth)

   [ring of protection from magic]

   It insulates you from electricity.
   It affects your resistance to hostile enchantments.
   It affects your magic capacity (+9).
 Q - the amulet of Yredelemnul's Fury (around neck) {Harm *Drain MR+++ Str-4 Slay+4}
   (You found it in a labyrinth)

   [amulet of harm]

   It increases damage dealt and taken.
   It affects your strength (-4).
   It affects your accuracy and damage with ranged weapons and melee attacks
   (+4).
   It affects your resistance to hostile enchantments.
Wands
 v - a wand of paralysis (4/24)
 E - a wand of disintegration (7/24)
 N - a wand of paralysis (19/24)
 R - a wand of slowing (25/48)
 S - a wand of lightning (8/15)
 V - a wand of iceblast (8/15)
Scrolls
 f - 6 scrolls of remove curse
 h - 3 scrolls of teleportation
 n - 3 scrolls of identify
 y - 2 scrolls of magic mapping
 L - a scroll of summoning
Potions
 b - 3 potions of brilliance
 j - a potion of resistance
 w - 4 potions of flight
 K - a potion of agility
Books
 i - a book of Burglary

   Spells                             Type                      Level
   a - Swiftness                      Charms/Air                   2
   b - Passwall                       Transmutation/Earth          2
   c - Passage of Golubria            Translocation                4
   d - Lee's Rapid Deconstruction     Earth                        5
   e - Darkness                       Hexes                        6
   f - Invisibility                   Hexes                        6
 l - a book of Unlife

   Spells                             Type                      Level
   a - Recall                         Summoning/Translocation      3
   b - Animate Dead                   Necromancy                   4
   c - Control Undead                 Necromancy                   4
   d - Cigotuvi's Embrace             Necromancy                   5
   e - Death Channel                  Necromancy                   6
   f - Simulacrum                     Ice/Necromancy               6
 u - a book of Envenomations

   Spells                             Type                      Level
   a - Spider Form                    Transmutation/Poison         3
   b - Olgreb's Toxic Radiance        Poison                       4
   c - Alistair's Intoxication        Transmutation/Poison         5
   d - Poisonous Cloud                Conjuration/Poison/Air       6
 z - a book of Cantrips

   Spells                             Type                      Level
   a - Corona                         Hexes                        1
   b - Animate Skeleton               Necromancy                   1
   c - Summon Small Mammal            Summoning                    1
   d - Apportation                    Translocation                1
 B - an Akashic Record

   Spells                             Type                      Level
   a - Dispersal                      Translocation                6
   b - Malign Gateway                 Summoning/Translocation      7
   c - Disjunction                    Translocation                8
   d - Controlled Blink               Translocation                8
 D - a book of Conjurations

   Spells                             Type                      Level
   a - Magic Dart                     Conjuration                  1
   b - Searing Ray                    Conjuration                  2
   c - Dazzling Spray                 Conjuration/Hexes            3
   d - Fulminant Prism                Conjuration/Hexes            4
   e - Iskenderun's Mystic Blast      Conjuration                  4
   f - Iskenderun's Battlesphere      Conjuration/Charms           5
Miscellaneous
 e - a stone of tremors (inert)
Comestibles
 c - 4 meat rations
 k - 8 bread rations
 r - 4 chunks of flesh
 s - 5 beef jerkies
 G - 21 fruits


   Skills:
 - Level 10.1 Fighting
 - Level 16.1 Dodging
 - Level 10.9 Stealth
 * Level 6.8 Shields
 - Level 12.1 Unarmed Combat
 - Level 10.0 Evocations


You had 14 spell levels left.
You didn't know any spells.

Dungeon Overview and Level Annotations

Branches:
Dungeon (13/15)              Lair (8/8) D:10         Spider (0/4) Lair:4
  Slime (0/6) Lair:6          Orc (1/2) D:12
 Temple: D:4-7        Swamp: Lair:3-6    Shoals: Lair:3-6    Vaults: D:13-14

Altars:
Ashenzari
Cheibriados
Dithmenos
Elyvilon
Fedhas
Makhleb
Nemelex Xobeh
Qazlal
Sif Muna
Vehumet
Xom
Jiyva

Shops:
D:12 [

Annotations:
Lair:5 exclusion: 2 downstairs
Lair:6 1 runed door


Innate Abilities, Weirdness & Mutations

You cannot wear most types of armour.
You are amphibious.
You can wear up to eight rings at the same time.
((You can use your tentacles to constrict eight enemies at once.))
((Your skin changes colour to match your surroundings (Stealth).))
((Your rubbery body absorbs attacks (AC +1).))
((You are partially covered in molten scales (AC +1).))
((You are partially covered in yellow scales (AC +2).))
You are agile. (Dex +2)
Scrolls take you longer to read.
((Your flesh is heat resistant.))
You are resistant to hostile enchantments.
You occasionally shout uncontrollably at your foes.
Your spells are a little easier to cast, but a little less powerful.
You expend magic power (3 MP) to strengthen your wands.


Message History

Something smites you!
* * * LOW HITPOINT WARNING * * *
You block the ice devil's attack. You block the orange demon's attack.
Unknown command.
You hit the ice devil but do no damage.
The ice devil is moderately wounded.
You block the orange demon's attack. You block the ice devil's attack.
The orange demon stings you from afar.
* * * LOW HITPOINT WARNING * * *
You are poisoned.
The orange demon poisons you!
A hellwing comes into view.
Drink which item? (? for menu, Esc to quit)
You feel yourself speed up.
You feel sick.
The orange demon stings you but does no damage.
The smoke demon gestures at you. Something smites you!
* * * LOW HITPOINT WARNING * * *
The ice devil hits you.
You die...

♣♣...♣♣♣....♣♣♣ ♣♣♣..♣♣
♣♣...?...♣♣♣ ♣.....♣ *
♣♣.♣♣.♣♣♣ ######''#####***
♣♣♣♣♣+#########.............*≈
**........#...8....8....*≈
*..8.8.................*≈ *
*...8.8§§##############*≈ **
*..8.8.§§#...4..3§≈≈≈≈≈≈≈ ,*
*...8.8§♣#.......§§,≈≈≈≈≈ ,*
*..8.8.§E444.4_..§,,∩≈≈≈≈ **
*...8.8.E#4.......,≈≈≈≈≈≈ *
*.......)#3.§.§§§≈≈≈≈≈≈≈≈
*############§§≈§≈≈≈≈≈≈≈≈
*≈≈≈≈≈≈≈≈§≈§≈≈≈≈≈≈≈
********####*******


You could see 2 orange demons, a hellwing, an ice devil, a smoke demon, a red
devil and 2 friendly earth elementals.

Vanquished Creatures
  Gastronok (D:9)
  A frost giant (IceCv)
  A minotaur (Lab)
  10 hydras
  2 centaur warriors (D:13)
  5 death yaks
  A sun demon (Lair:8)
  A wizard (Lair:8)
  2 hill giants
  An oklob plant (Lair:2)
  2 griffons
  A deep elf mage (D:12)
  A faun (Lair:4)
  An ugly thing (D:11)
  4 elephants (Lair:5)
  Maurice (D:8)
  An ice statue (IceCv)
  5 black mambas
  A torpor snail (Lair:6)
  10 spiny frogs
  3 orange demons (Lair:8)
  2 centaur skeletons
  A gargoyle (D:11)
  8 komodo dragons
  2 fire drakes
  18 polar bears
  A troll (D:13)
  3 slime creatures (D:12)
  A two-headed ogre (D:10)
  19 blink frogs
  A water elemental (D:13)
  2 centaur simulacra (D:13)
  A shadow (D:13)
  2 vampires (D:12)
  A wyvern (D:13)
  48 yaks
  A basilisk (Lair:8)
  4 humans (D:13)
  8 hippogriffs
  A hungry ghost (D:10)
  A warg (D:12)
  6 vampire mosquitoes
  The ghost of M4edhros the Sneak, an amateur OpMo of Dithmenos (D:4)
  15 wolves
  Edmund (D:5)
  A soldier ant (D:8)
  10 water moccasins
  9 porcupines
  11 ice beasts
  5 sky beasts
  8 orc warriors
  A wasp (D:9)
  2 black bears
  A phantom (D:12)
  7 ogres
  4 necrophages
  5 centaurs
  8 crocodiles
  10 giant frogs
  3 big kobolds
  3 scorpions
  21 killer bees
  2 electric eels
  9 crimson imps
  4 giant frog zombies
  2 wasp zombies
  2 centaur zombies
  8 hounds
  4 jellies
  2 orc priests
  16 orc wizards
  10 iguanas
  6 worker ants
  6 sheep
  A hound skeleton (D:6)
  2 worker ant zombies
  11 gnolls
  7 adders
  42 river rats
  2 shadow imps
  2 white imps (D:13)
  2 ufetubi (D:13)
  An ooze (D:4)
  2 adder zombies (D:9)
  A worm (D:4)
  2 giant geckos (Sewer)
  43 orcs
  A bat (D:1)
  7 giant cockroaches
  9 jackals
  13 kobolds
  2 quokkas (D:6)
  3 ball pythons (Sewer)
  5 giant newts (Sewer)
  A quokka skeleton (D:4)
  4 rats
  A bush (D:9)
  7 fungi (Lair:8)
  A plant (Lair:8)
555 creatures vanquished.

Vanquished Creatures (collateral kills)
  An ice devil (Lair:8)
  A yak (IceCv)
2 creatures vanquished.

Vanquished Creatures (others)
  14 fungi
  22 plants
36 creatures vanquished.

Grand Total: 593 creatures vanquished

Notes
Turn   | Place    | Note
--------------------------------------------------------------
     0 | D:1      | M4edhros the Octopode Monk began the quest for the Orb.
     0 | D:1      | Reached XP level 1. HP: 16/16 MP: 1/1
   140 | D:2      | Reached XP level 2. HP: 21/21 MP: 2/2
   171 | D:2      | Reached XP level 3. HP: 26/26 MP: 3/3
   315 | D:4      | Found a shadowy altar of Dithmenos.
   339 | D:4      | Reached XP level 4. HP: 5/31 MP: 4/4
   442 | D:4      | Became a worshipper of Dithmenos the Shadowed
   442 | D:4      | Reached * piety under Dithmenos
   442 | D:4      | Reached ** piety under Dithmenos
   496 | D:4      | Found a radiant altar of Vehumet.
   505 | D:4      | Reached skill level 5 in Stealth
   505 | D:4      | Reached skill level 5 in Unarmed Combat
   523 | D:4      | Noticed M4edhros's ghost (amateur OpMo)
   548 | D:5      | Entered Level 5 of the Dungeon
   621 | D:5      | Noticed Edmund
   672 | D:6      | Reached XP level 5. HP: 30/36 MP: 5/5
   729 | D:6      | Found a white marble altar of Elyvilon.
   747 | D:6      | Reached skill level 6 in Stealth
   848 | D:6      | Found a glowing drain.
   854 | D:6      | Reached XP level 6. HP: 16/42 MP: 6/6
   862 | Sewer    | Entered a sewer
  1057 | Sewer    | Identified a -1 rod of inaccuracy (10/10) (You found it in a sewer)
  1229 | D:7      | Reached skill level 7 in Stealth
  1229 | D:7      | Reached skill level 1 in Evocations
  1249 | D:7      | Noticed an orc warrior
  1416 | D:5      | HP: 1/42 [orc warrior/short sword (8)]
  1418 | D:5      | Killed an orc warrior
  1418 | D:5      | Reached XP level 7. HP: 1/46 MP: 8/8
  1698 | D:6      | Reached *** piety under Dithmenos
  1821 | D:5      | Gained mutation: Your spells are a little harder to cast, but a little more powerful. [mutagenic meat]
  1822 | D:5      | Gained mutation: You possess an exceptional clarity of mind. [mutagenic meat]
  1823 | D:5      | Gained mutation: Potions and wands are less effective at restoring your health. [mutagenic meat]
  1824 | D:5      | Gained mutation: One of your tentacles bears a spike. [mutagenic meat]
  1889 | D:5      | Killed Edmund
  1889 | D:5      | Reached skill level 8 in Stealth
  1889 | D:5      | Reached XP level 8. HP: 45/52 MP: 11/11
  1973 | D:4      | Reached skill level 5 in Evocations
  2035 | D:4      | Killed M4edhros's ghost
  2620 | D:6      | Reached skill level 9 in Stealth
  2772 | D:8      | Reached XP level 9. HP: 28/56 MP: 14/14
  2781 | D:8      | Found a sparkling altar of Nemelex Xobeh.
  3076 | D:8      | Gained mutation: Your flesh is heat resistant. [mutagenic meat]
  3077 | D:8      | Lost mutation: Potions and wands are less effective at restoring your health. [mutagenic meat]
  3078 | D:8      | Gained mutation: You expend magic power (3 MP) to strengthen your wands. [mutagenic meat]
  3079 | D:8      | Gained mutation: You occasionally shout uncontrollably at your foes. [mutagenic meat]
  3096 | D:8      | Found a shattered altar of Ashenzari.
  3121 | D:7      | Reached skill level 10 in Stealth
  3281 | D:7      | Found a shimmering altar of Xom.
  3526 | D:8      | Reached **** piety under Dithmenos
  3668 | D:8      | Reached skill level 10 in Evocations
  3847 | D:9      | Reached skill level 5 in Dodging
  3847 | D:9      | Reached XP level 10. HP: 13/63 MP: 17/17
  3892 | D:9      | Found a deep blue altar of Sif Muna.
  3947 | D:10     | Entered Level 10 of the Dungeon
  4371 | D:10     | Found a staircase to the Lair.
  4459 | D:10     | Found a snail-covered altar of Cheibriados.
  4611 | D:11     | Noticed a brown ugly thing
  4695 | Lair:1   | Entered Level 1 of the Lair of Beasts
  4818 | Lair:1   | Noticed a seven-headed hydra
  4824 | Lair:1   | Killed a seven-headed hydra
  4855 | Lair:1   | Reached skill level 10 in Dodging
  4929 | Lair:1   | Reached XP level 11. HP: 61/67 MP: 18/18
  5110 | Lair:1   | Noticed a six-headed hydra
  5213 | Lair:2   | Reached ***** piety under Dithmenos
  5309 | Lair:2   | Found a stormy altar of Qazlal.
  5309 | Lair:2   | Noticed an oklob plant
  5312 | Lair:2   | Killed an oklob plant
  5312 | Lair:2   | Reached skill level 11 in Dodging
  6087 | Lair:1   | Killed a six-headed hydra
  6087 | Lair:1   | Reached skill level 12 in Dodging
  6524 | D:11     | Found a burning altar of Makhleb.
  6786 | D:11     | Killed a brown ugly thing
  6843 | D:11     | Gained mutation: Scrolls take you a little longer to read. [mutagenic meat]
  6844 | D:11     | Gained mutation: Your body sometimes deteriorates upon taking damage. [mutagenic meat]
  6845 | D:11     | Gained mutation: You are resistant to hostile enchantments. [mutagenic meat]
  6846 | D:11     | Lost mutation: Your spells are a little harder to cast, but a little more powerful. [mutagenic meat]
  6991 | D:11     | Noticed a hill giant
  6994 | D:11     | Killed a hill giant
  7140 | D:12     | Noticed a deep elf mage
  7140 | D:12     | Noticed a five-headed hydra
  7606 | D:10     | Noticed a hill giant
  7611 | D:10     | Killed a hill giant
  7794 | D:10     | Reached XP level 12. HP: 25/72 MP: 19/19
  7895 | D:9      | Noticed Gastronok
  8162 | D:10     | Gained mutation: Scrolls take you longer to read. [mutagenic meat]
  8164 | D:10     | Lost mutation: One of your tentacles bears a spike. [mutagenic meat]
  8313 | D:9      | Reached skill level 10 in Unarmed Combat
  8575 | D:9      | Found a blossoming altar of Fedhas.
  8775 | D:9      | HP: 1/71 [orc wizard/magic dart (8)]
  9118 | D:9      | Killed Gastronok
  9174 | D:9      | Gained mutation: Your spells are a little easier to cast, but a little less powerful. [potion of mutation]
  9342 | D:8      | Noticed Maurice
  9351 | D:8      | Killed Maurice
  9720 | D:12     | Noticed an eight-headed hydra
  9734 | D:12     | Killed an eight-headed hydra
  9749 | D:12     | Killed a five-headed hydra
 10034 | D:12     | Found a staircase to the Orcish Mines.
 10036 | D:12     | Found Yxtiefak's Armour Shoppe.
 10057 | Orc:1    | Entered Level 1 of the Orcish Mines
 10145 | D:12     | Reached skill level 5 in Fighting
 10207 | D:12     | Found a sparkling altar of Nemelex Xobeh.
 10231 | D:12     | Got an ebony mace
 10232 | D:12     | Identified the +9 mace of Fimerph {drain, Int+3} (You found it on level 12 of the Dungeon)
 10255 | D:12     | Noticed a four-headed hydra
 10261 | D:12     | Killed a four-headed hydra
 10374 | D:13     | Noticed a centaur warrior
 10383 | D:13     | Killed a centaur warrior
 10392 | D:13     | Reached XP level 13. HP: 56/85 MP: 20/20
 10599 | D:13     | Found a frozen archway.
 10620 | IceCv    | Entered an ice cave
 10854 | IceCv    | Reached ****** piety under Dithmenos
 11491 | IceCv    | Got a crude glaive
 11498 | IceCv    | Got a crystal great mace
 11515 | IceCv    | Reached skill level 10 in Fighting
 11556 | IceCv    | Noticed a frost giant
 11810 | IceCv    | Killed a frost giant
 11893 | IceCv    | Gained mutation: You are partially covered in yellow scales (AC +2). [potion of beneficial mutation]
 12028 | IceCv    | Identified the +9 glaive "Aptuxyw" {chop, rN+ Str+3} (You found it in an ice cave)
 12029 | IceCv    | Identified the +2 great mace "Huepsa Wouw" {elec, rElec} (You found it in an ice cave)
 12315 | D:13     | Noticed a rakshasa
 12814 | Lair:3   | Reached skill level 13 in Dodging
 13254 | Lair:4   | Reached XP level 14. HP: 89/99 MP: 21/21
 13345 | Lair:4   | Found a hole to the Spider Nest.
 13419 | Lair:5   | Reached skill level 14 in Dodging
 13741 | Lair:5   | Gained mutation: Your flesh is cold resistant. [potion of mutation]
 13741 | Lair:5   | Gained mutation: You are weak. (Str -2) [potion of mutation]
 13741 | Lair:5   | Gained mutation: You are agile. (Dex +2) [potion of mutation]
 13742 | Lair:5   | Lost mutation: Your body sometimes deteriorates upon taking damage. [potion of cure mutation]
 13742 | Lair:5   | Lost mutation: Your flesh is cold resistant. [potion of cure mutation]
 13742 | Lair:5   | Lost mutation: You are weak. (Str -2) [potion of cure mutation]
 13742 | Lair:5   | Lost mutation: You possess an exceptional clarity of mind. [potion of cure mutation]
 13743 | Lair:5   | Gained mutation: You are partially covered in molten scales (AC +1). [potion of beneficial mutation]
 14325 | Lair:6   | Found a runed door.
 14326 | Lair:6   | Found a viscous altar of Jiyva.
 14328 | Lair:6   | Found a staircase to the Slime Pits.
 14328 | Lair:6   | Noticed an acid blob
 14467 | Lair:7   | Reached skill level 15 in Dodging
 14768 | Lair:8   | Entered Level 8 of the Lair of Beasts
 14782 | Lair:8   | Found a labyrinth entrance.
 14791 | Lab      | Entered a labyrinth
 14961 | Lab      | Got a scorched ivory ring
 14962 | Lab      | Identified the ring "Kyogo" {rElec MR+ MP+9} (You took it off a minotaur in a labyrinth)
 14977 | Lab      | Got a fine diamond amulet
 14978 | Lab      | Identified the amulet of Yredelemnul's Fury {Harm *Drain MR+++ Str-4 Slay+4} (You found it in a labyrinth)
 14982 | Lab      | Identified a +5 rod of ignition (12/12) (You found it in a labyrinth)
 15274 | Lair:8   | Reached skill level 16 in Dodging
 15309 | Lair:8   | Identified a scroll of acquirement
 15508 | Lair:8   | Reached skill level 5 in Shields
 15642 | Lair:8   | Found a burning altar of Makhleb.
 15664 | Lair:8   | Reached XP level 15. HP: 40/103 MP: 22/22
 15684 | Lair:8   | HP: 2/154 [smoke demon/divine providence (10)]
 15684 | Lair:8   | Slain by an ice devil

Vault maps used:
D:1:      lightli_arrival_isolated_outpost
D:2:      grunt_temple_overflow_order_and_chaos_2, lemuel_crystal_altar,
          grunt_gozag_breadcrumbs, first_bread, lemuel_tele_altar
D:3:      kennysheep_generic_room_13
D:4:      nicolae_dithmenos_shadow_blocks, old_standard_altar,
          minmay_temple_entry_enclosed_plants
D:5:      gammafunk_temple_overflow_statue, minmay_misc_feat_doors, uniq_edmund
D:6:      old_standard_altar, portal_sewer_entry_d, uniq_sigmund,
          uniq_crazy_yiuf_cottage
D:7:      lemuel_doored_altar
D:8:      nemelex_deck, lemuel_crystal_altar, uniq_maurice
D:9:      lemuel_coloured_pillars_altar, fedhas_altar_decomposition, hex_medium,
          uniq_gastronok
D:10:     dpeg_lair_monsters, basic_altar, serial_bayou, serial_bayou_shore_b,
          serial_bayou_shore_b, serial_bayou_pond_b, serial_bayou_pond_d,
          grunt_ogre_cave
D:11:     serial_glass, glass_columns_a, glass_columns_a, glass_columns_a,
          kennysheep_flooded_box, minmay_misc_feat_rows
D:12:     orc_david_3, basic_altar
D:13:     grunt_vaults_entry_tiered, serial_ice, serial_ice_j, serial_ice_m,
          serial_ice_h, serial_ice_d, serial_ice_g, serial_ice_e,
          portal_ice_cave_entry_ice_beasts
Lair:1:   statuecave_lemuel
Lair:2:   lemuel_oklob_altar, lemuel_fruit_tree, serial_bayou_shore_a
Lair:3:   grunt_megastairs_1, infiniplex_staircase_pool
Lair:4:   dummy_spider_entry, roderic_batcave, grunt_forest_large_clearings
Lair:5:   beast_lair_carwin_11, serial_bayou_shore_b
Lair:6:   minmay_swamp_entry_swarm, slime_altar_2, minmay_holes, st_stairs_5
Lair:8:   evil_forest, lab_entry_generic, serial_bayou_shore_b
Orc:1:    serial_shops, shop, uniq_erica, uniq_erolcha
Lab:      labyrinth_spiral
Sewer:    sewer_frog_island_01
IceCv:    ice_cave_small_giant

Action                   |  1- 3 |  4- 6 |  7- 9 | 10-12 | 13-15 || total
-------------------------+-------+-------+-------+-------+-------++-------
Melee: Unarmed           |    24 |    94 |   226 |   797 |   655 ||  1796
       Rod               |       |       |       |       |     3 ||     3
Throw: Stone             |       |       |       |    18 |    21 ||    39
Evoke: Rod               |       |     3 |    18 |    47 |    77 ||   145
       Wand              |       |       |     1 |    11 |    10 ||    22
       Stone of tremors  |       |       |       |     1 |     2 ||     3
  Use: Scroll            |       |     3 |     5 |    11 |    17 ||    36
       Potion            |       |     2 |     8 |     7 |    20 ||    37
 Stab: Sleeping          |     3 |     6 |     9 |    16 |     9 ||    43
       Distracted        |       |       |     1 |     3 |     4 ||     8
       Paralysed         |       |       |       |    21 |     6 ||    27
       Invisible         |       |       |       |       |     4 ||     4
  Eat: Chunk             |       |     1 |    15 |    34 |    17 ||    67
       Bread ration      |       |       |     1 |     1 |     1 ||     3
       Beef jerky        |       |       |       |     2 |       ||     2
       Royal jelly       |       |       |       |       |     1 ||     1
       Pizza             |       |       |       |       |     1 ||     1
